 Dungeon Crawl Stone Soup version 0.24-a0-479-g9a978d2894 (webtiles) character file.

Game seed: 17123286557186306837

41 Elric the Insei (level 3, 0/27 HPs)
             Began as a Demonspawn Transmuter on July 7, 2019.
             Slain by a worm (5 damage)
             ... on level 2 of the Dungeon.
             The game lasted 00:02:45 (1784 turns).

Elric the Insei (Demonspawn Transmuter)             Turns: 1784, Time: 00:02:46

Health: 0/27       AC:  5    Str: 11    XL:     3   Next: 32%
Magic:  5/6        EV: 12    Int: 14    God:
Gold:   81         SH:  0    Dex: 13    Spells: 5/6 levels left

rFire    . . .     SeeInvis .     - Unarmed
rCold    . . .     Gourm    .   (no shield)
rNeg     . . .     Faith    .   b - +0 robe
rPois    .         Spirit   .   (helmet restricted)
rElec    .         Reflect  .   e - +2 cloak {MR+}
rCorr    .         Harm     .   (no gloves)
MR       +....                  (boots currently unavailable)
Stlth    +.........             (no amulet)
HPRegen  0.09/turn              (no ring)
MPRegen  0.10/turn              (no ring)

@: appendage
A: antennae 2, talons 3
a: End Transformation


You were on level 2 of the Dungeon.
You were hungry.
You had grown temporary talons.
You visited 1 branch of the dungeon, and saw 2 of its levels.

You collected 81 gold pieces.

Inventory:

Missiles
 a - 12 arrows
Armour
 b - a +0 robe (worn)
 e - a +2 cloak of magic resistance (worn)
 h - a +0 leather armour
Jewellery
 i - an uncursed ring of fire {unknown}
Scrolls
 f - 3 scrolls of identify {unknown}
 j - a scroll of blinking {unknown}
 m - a scroll of enchant weapon {unknown}
 n - a scroll of immolation {unknown}
 p - a scroll of amnesia {unknown}
 q - a scroll of teleportation {unknown}
Potions
 c - a potion of mutation {unknown}
 g - a potion of lignification {unknown}
 k - a potion of agility {unknown}
 l - a potion of haste {unknown}
 o - a potion of brilliance {unknown}
Comestibles
 d - 5 rations


   Skills:
 + Level 1.9 Fighting
 - Level 1.7 Dodging
 * Level 3.6 Unarmed Combat
 - Level 2.0 Spellcasting
 - Level 1.7 Transmutations


You had 5 spell levels left.
You knew the following spells:

 Your Spells              Type           Power        Failure   Level  Hunger
a - Beastly Appendage     Tmut           #.....       12%         1    ##.....

Your spell library contained the following spells:

 Spells                   Type           Power        Failure   Level  Hunger
 Sticks to Snakes         Tmut           #.......     17%         2    ###....
 Spider Form              Tmut/Pois      #.........   45%         3    ####...
 Ice Form                 Ice/Tmut       #.......     86%         4    #####..
 Blade Hands              Tmut           #.........   97%         5    ######.


Dungeon Overview and Level Annotations

Branches:
Dungeon (2/15)

Altars:


Innate Abilities, Weirdness & Mutations

You have a pair of antennae on your head.
You have claws for feet.


Message History

The worm bites you but does no damage.
You hit the worm. You claw the worm.
The worm is heavily wounded.
You hit the worm but do no damage.
The worm is heavily wounded.
The worm bites you!
You barely miss the worm. You claw the worm!
The worm is severely wounded.
Casting: Beastly Appendage (safe; 12% risk of failure)
Confirm with . or Enter, or press ? or * to list all spells.
You extend your transformation's duration.
The worm bites you.
* * * LOW HITPOINT WARNING * * *
You hit the worm but do no damage.
The worm is severely wounded.
The worm barely misses you.
You barely miss the worm.
The worm is severely wounded.
The worm bites you.
You die...

#.#..#.# #.#.# #....#.#
#.#.# #....#.# #.#.#
#....#.######.#.#
#.............#.#
#......########)#
#...)......... #
####.###....#.##########
......w@.#..............
####.########.##........
#.##........
#.##........
..##........
####........ #........
#........ #........


You could see a worm.

Vanquished Creatures
  2 oozes (D:1)
  A leopard gecko (D:1)
  6 goblins
  3 hobgoblins (D:2)
  2 bats (D:1)
  10 frilled lizards (D:1)
  5 kobolds
  6 rats
  A bush (D:1)
36 creatures vanquished.

Notes
Turn   | Place    | Note
-------+----------+-------------------------------------------
     0 | D:1      | Elric the Demonspawn Transmuter began the quest for the
                  | Orb.
     0 | D:1      | Reached XP level 1. HP: 15/15 MP: 3/3
    59 | D:1      | Reached skill level 3 in Unarmed Combat
   294 | D:1      | Lost mutation: You have a pair of horns on your head.
                  | [demonic ancestry]
   294 | D:1      | Lost mutation: You have a pair of small horns on your head.
                  | [demonic ancestry]
   294 | D:1      | Gained mutation: You have a pair of small antennae on your
                  | head. [demonic ancestry]
   294 | D:1      | Reached XP level 2. HP: 21/21 MP: 1/5
   914 | D:1      | Gained mutation: You have a pair of antennae on your head.
                  | [demonic ancestry]
   914 | D:1      | Reached XP level 3. HP: 14/27 MP: 4/6
  1784 | D:2      | Slain by a worm

Levels and vault maps discovered:
D:1:      matt_arrival_spirals, layout_basic, serial_forest,
          infiniplex_forest_lined_4_way, infiniplex_forest_end_double,
          infiniplex_forest_clump_medium, infiniplex_forest_straight_2,
          infiniplex_forest_clump_diagonal, infiniplex_forest_lined_room_,
          infiniplex_forest_lined_corner, minmay_lizard_king
D:2:      minmay_roachtagon, layout_basic, first_ration

Skill      XL: |  1 |
---------------+----+-----
Unarmed Combat | 3 |  3.6
Fighting       | |  1.9
Dodging        | |  1.7
Spellcasting   | |  2.0
Transmutations | |  1.7

Action                   || total
-------------------------++-------
Melee: Unarmed           ||   261
       Kick              ||    35
       Punch             ||     3
 Cast: Beastly Appendage ||    30
 Stab: Sleeping          ||     1
  Eat: Chunk             ||     3
Armor: Robe              ||    22
Dodge: Dodged            ||    69

Table legend:
 A = Non-vault XP
 B = Vault XP
 C = Vault XP percentage of total XP
 D = Non-vault monster count
 E = Vault monster count
 F = Vault count percentage of total count
                 A         B        C        D         E       F
            +---------+---------+-------+---------+---------+-------
      Total |      47 |      12 |  20.3 |      25 |      10 |  28.6
            +---------+---------+-------+---------+---------+-------
        D:1 |      36 |      12 |  25.0 |      18 |      10 |  35.7
        D:2 |      11 |       0 |   0.0 |       7 |       0 |   0.0
            +---------+---------+-------+---------+---------+-------
